Unix NetHack Version 5.0.0-0 post-release - last build May  4 2026 22:22:43 (774f63e81ad911689b3a0859ea89b322d5daca8d,branch:main).

Game began 2026-05-07 06:25:18, ended 2026-05-07 06:54:41.

01245990302, lawful female human Knight

                            -----
                            |..{|
   ------               ####-...|          ------
   |+??+?             ###   |....##       ......|######
   |??++???       #####     ....|#              |#####     --------+----
   |?????????    )##        -.---#               #   #    #.......<....|
   |?]???+?+?..##              ###        .      #   ######|{..........|
   |?+???????   #               ##       #       ## ##  ###............|
   ----------   #              ##################`#        |...........|
                #             ##         #   #             |........(..|
                @             #                            -------------
                #             #
                #             #
                ##            %-----------
                   .d..       #...........
                    ----       |....>....|
                               -----------

01245990302 the Esquire  St:17 Dx:7 Co:10 In:8 Wi:15 Ch:17  Lawful
Dlvl:4  $:0  HP:0(41) Pw:39(39) AC:3  Xp:4 T:1940 

Latest messages:
 The door resists!
 The door opens.
 You find a hidden passage.
 You are carrying too much to get through.
 You are carrying too much to get through.
 What do you want to drop? [$a-il-prsuv or ?*] o
 You drop 6 darts.
 You are carrying too much to get through.
 What do you want to drop? [$a-il-nprsuv or ?*] c
 You cannot drop something you are wearing.
 You are carrying too much to get through.
 What do you want to drop? [$a-il-nprsuv or ?*] b
 You drop a +1 lance.
 The door resists!
 The door resists!
 The door resists!
 In what direction? 4
 Whammm!!
 In what direction? 4
 Whammm!!
 In what direction? 4
 As you kick the door, it crashes open!
 Gweebarra appears next to you!
 "How dare you break my door?"
 Gweebarra zaps a hexagonal wand!
 The wand misses you.
 Gweebarra zaps a hexagonal wand!
 The wand misses you.
 Gweebarra zaps a hexagonal wand!
 The wand misses you.
 You are beginning to feel hungry.
 What do you want to eat? [ghis or ?*] h
 This carrot is delicious!
 You hear a nearby zap.
 The wand hits you!
 You hear a nearby zap.
 The wand misses you.
 You hear a nearby zap.
 The wand hits you!
 Gweebarra zaps a hexagonal wand!
 The wand misses you.
 You hit Gweebarra.
 Gweebarra hits!
 You die...
 Gweebarra takes all your possessions.
 Do you want to see what you had when you died? [ynq] (y) y
 Do you want to see your attributes? [ynq] (y) y
 Do you want an account of creatures vanquished? [ynaq] (y) y
 Do you want to see your conduct and achievements? [ynq] (y) y
 Do you want to see the dungeon overview? [ynq] (y) y

Inventory:
 Weapons  (')')
  r - a cursed -2 sling
  v - 9 +0 darts
  l - a +0 orcish dagger
  a - a +1 long sword (weapon in right hand)
 Armor    ('[')
  n - an uncursed +0 elven leather helm
  d - an uncursed +0 helmet (being worn)
  f - an uncursed +0 pair of leather gloves (being worn)
  e - an uncursed +0 small shield (being worn)
  c - an uncursed +1 ring mail (being worn)
 Comestibles  ('%')
  g - 8 uncursed apples
  h - 12 uncursed carrots
  s - an uncursed cram ration
  i - 3 uncursed food rations
 Potions  ('!')
  p - an uncursed potion of gain energy
 Wands    ('/')
  u - a wand of sleep (0:5)
 Tools    ('(')
  m - an uncursed skeleton key

01245990302 the Knight's attributes:

Background:
 You were an Esquire, a level 4 female human Knight.
 You were lawful, nominally on a mission for Lugh
 who was opposed by Brigit (neutral) and Manannan Mac Lir (chaotic).
 You were right-handed.
 You were in the Dungeons of Doom, on level 4.
 You entered the dungeon 1940 turns ago.
 You had 92 experience points, 68 more were needed to attain level 5.

Basics:
 You had 0 out of 41 hit points.
 You had all 39 energy points (spell power).
 Your armor class was 3.
 Your wallet was empty.
 Autopickup was off.

Final Characteristics:
 Your strength was 17 (limit:18/100).
 Your dexterity was 7 (peak:8, limit:18).
 Your constitution was 10 (limit:18).
 Your intelligence was 8 (limit:18).
 Your wisdom was 15 (limit:18).
 Your charisma was 17 (limit:18).

Final Status:
 You weren't hungry.
 You were unencumbered.
 You were wielding a long sword.
 You had basic skill with long sword.

Final Attributes:
 You were devoutly aligned.
 You could jump.
 You were warded.
 You are dead.

Miscellaneous:
 You didn't encounter any bones levels.
 Total elapsed playing time was 29 minutes and 15 seconds.

Major events:
 Turn
    1: 01245990302 the lawful female human Knight entered the dungeon
 1310: attained the rank of Esquire (level 3)
 1940: killed by Mr. Gweebarra; the shopkeeper

You didn't know any spells.

Skills:
 Fighting Skills
   bare handed combat [Unskilled]
   two weapon combat  [Unskilled]
   riding             [Basic]
 Weapon Skills
   dagger             [Unskilled]
   knife              [Unskilled]
   axe                [Unskilled]
   pick-axe           [Unskilled]
   short sword        [Unskilled]
   broadsword         [Unskilled]
   long sword         [Basic]
   two-handed sword   [Unskilled]
   saber              [Unskilled]
   club               [Unskilled]
   mace               [Unskilled]
   morning star       [Unskilled]
   flail              [Unskilled]
   hammer             [Unskilled]
   polearms           [Unskilled]
   spear              [Unskilled]
   trident            [Unskilled]
   lance              [Basic]
   bow                [Unskilled]
   crossbow           [Unskilled]
 Spellcasting Skills
   attack spells      [Unskilled]
   healing spells     [Unskilled]
   clerical spells    [Unskilled]

Voluntary challenges:
 Character rerolling was not enabled.
 You were an atheist.
 You never genocided any monsters.
 You never polymorphed an object.
 You never changed form.
 You used no wishes.
Achievement:
 You attained the rank of Esquire.

 The Dungeons of Doom: levels 1 to 4
    Level 1:
       Some fountains, a sink.
    Level 2:
       An altar to Lugh.
    Level 3:
       Some fountains, a sink.
    Level 4: <- You were here.
       A fountain, a sink.
       Final resting place for
          you, killed by Mr. Gweebarra; the shopkeeper.


Vanquished creatures:
  a shrieker
  a hill orc
  2 large kobolds
  a green mold
  a gnome
  2 geckos
  7 jackals
  2 kobolds
  4 goblins
  a sewer rat
  7 grid bugs
  3 lichens
  2 kobold zombies
  5 newts
39 creatures vanquished.

No species were genocided or became extinct.

Game over:
                       ----------
                      /          \
                     /    REST    \
                    /      IN      \
                   /     PEACE      \
                  /                  \
                  |   01245990302    |
                  |       0 Au       |
                  |  killed by Mr.   |
                  |  Gweebarra; the  |
                  |    shopkeeper    |
                  |                  |
                  |       2026       |
                 *|     *  *  *      | *
        _________)/\\_//(\/(/\)/\//\/|_)_______

Fare thee well 01245990302 the Knight...

You died in The Dungeons of Doom on dungeon level 4 with 528 points,
and 0 pieces of gold, after 1940 moves.
You were level 4 with a maximum of 41 hit points when you died.

